 Dungeon Crawl Stone Soup version 0.20-a0-1026-gc3ddcbd (webtiles) character file.

90717 Ichigo the Severer (level 15, -1/107 HPs)
             Began as a Demonspawn Gladiator on Apr 19, 2017.
             Was a High Priest of Okawaru.
             Slain by Nessos (12 damage)
             ... on level 15 of the Dungeon on Apr 20, 2017.
             The game lasted 00:58:08 (30265 turns).

Ichigo the Severer (Demonspawn Gladiator)          Turns: 30265, Time: 00:58:08

Health: -1/107     AC: 22    Str: 27    XL:     15   Next: 53%
Magic:  30/30      EV: 26    Int: 15    God:    Okawaru [*****.]
Gold:   1422       SH:  0    Dex: 23    Spells: 14/14 levels left

rFire    . . .     SeeInvis .   A - +2 executioner's axe of Thoughtfulness {freeze, rElec MR+ Int+2}
rCold    + . .     Gourm    .   (shield currently unavailable)
rNeg     . . .     Faith    +   P - +4 scale mail of the Rose {rCorr MP+9 Dex+8}
rPois    +         Spirit   .   U - +1 hat {Int+3}
rElec    +         Reflect  .   i - +0 cloak
rCorr    +         Harm     .   r - +1 pair of gloves {Str+3}
MR       ++...                  (no boots)
Stlth    ++........             h - amulet of faith
Regen    0.3/turn               D - +4 ring of strength
MPRegen  0.3/turn               u - +4 ring of evasion

@: lethally poisoned (-1 -> -8), heroism
A: hooves 2, slimy green scales 3, cold resistance 1, powered by pain 1
a: Heroism, Finesse, Renounce Religion


You were on level 15 of the Dungeon.
You worshipped Okawaru.
Okawaru was extremely pleased with you.
You were very hungry.

You visited 3 branches of the dungeon, and saw 22 of its levels.
You also visited: Labyrinth.

You collected 1566 gold pieces.
You spent 144 gold pieces at shops.

Inventory:

Hand Weapons
 n - a +5 longbow of flaming
 s - a +6 war axe of draining
 A - the +2 executioner's axe of Thoughtfulness (weapon) {freeze, rElec MR+ Int+2}
   (You acquired it on level 2 of the Lair of Beasts)

   It has been specially enchanted to freeze those struck by it, causing extra
   injury to most foes and up to half again as much damage against particularly
   susceptible opponents.
   It can also slow down cold-blooded creatures.
   It affects your intelligence (+2).
   It insulates you from electricity.
   It affects your resistance to hostile enchantments.
 W - a +4 dire flail of freezing
Missiles
 d - 381 arrows
Armour
 i - a +0 cloak (worn)
 r - a +1 pair of gloves of strength (worn)
 P - the +4 scale mail of the Rose (worn) {rCorr MP+9 Dex+8}
   (Okawaru gifted it to you on level 11 of the Dungeon)

   It affects your dexterity (+8).
   It affects your magic capacity (+9).
   It protects you from acid and corrosion.
 U - a +1 hat of intelligence (worn)
Jewellery
 e - an uncursed ring of resist corrosion
 h - an amulet of faith (around neck)
 u - a +4 ring of evasion (right hand)
 D - a +4 ring of strength (left hand)
 L - an uncursed ring of protection from magic
 M - an uncursed ring of see invisible
 T - an uncursed ring of ice
 Y - a +2 ring of intelligence
Wands
 E - a wand of digging (17/24)
 J - a wand of scattershot (7/9)
 K - a wand of scattershot (2/9)
 V - a wand of lightning (2/15)
Scrolls
 c - a scroll of identify
 g - a scroll of fog
 o - a scroll of acquirement
 p - 9 scrolls of remove curse
 t - 3 scrolls of enchant armour
 x - 2 scrolls of immolation
 y - 8 scrolls of teleportation
 z - 2 scrolls of magic mapping
 B - 4 scrolls of recharging
 G - 5 scrolls of fear
 H - a scroll of amnesia
 Q - a scroll of brand weapon
 S - a scroll of vulnerability
Potions
 a - a potion of might
 j - a potion of haste
 k - 3 potions of ambrosia
 l - 9 potions of curing
 m - 2 potions of agility
 v - a potion of resistance
 w - a potion of cancellation
 C - 4 potions of brilliance
 F - 2 potions of heal wounds
 N - a potion of invisibility
 O - 2 potions of flight
 X - 3 potions of lignification
Books
 R - a book of Callings

   Spells                             Type                      Level
   a - Summon Small Mammal            Summoning                    1
   b - Call Imp                       Summoning                    2
   c - Call Canine Familiar           Summoning                    3
   d - Summon Guardian Golem          Hexes/Summoning              3
   e - Summon Lightning Spire         Summoning/Air                4
   f - Summon Ice Beast               Ice/Summoning                4
Comestibles
 b - 10 meat rations
 f - 15 bread rations
 q - 24 royal jellies
 I - 49 fruits


   Skills:
 - Level 6.8(11.8) Fighting
 + Level 19.6(24.6) Axes
   Level 2.6(7.6) Staves
 - Level 3.7(8.7) Bows
 - Level 1.7(6.7) Throwing
 - Level 8.6(13.6) Armour
 - Level 8.2(13.2) Dodging
 - Level 8.8 Invocations


You had 14 spell levels left.
You didn't know any spells.

Dungeon Overview and Level Annotations

Branches:
Dungeon (15/15)            Temple (1/1) D:5            Lair (6/6) D:9
  Swamp (0/4) Lair:4       Spider (0/4) Lair:3        Slime (0/5) Lair:6
    Orc (0/2) D:12         Vaults (0/5) D:13
 Depths: D:15

Altars:
Ashenzari
Cheibriados
Dithmenos
Elyvilon
Fedhas
Gozag
Hepliaklqana
Kikubaaqudgha
Makhleb
Nemelex Xobeh
Okawaru
Qazlal
Ru
Sif Muna
Trog
Uskayaw
Vehumet
Wu Jian
Xom
Yredelemnul
Zin
The Shining One
Beogh

Shops:
D:4 !   D:7 (   D:11 %   D:12 :   D:15 =

Portals:
Trove: D:13 (give +6 demon trident)

Annotations:
D:3 koshka's ghost, amateur DsGl
D:15 Nessos
Lair:1 exclusion: 2 oklob plants
Lair:5 exclusion: oklob plant


Innate Abilities, Weirdness & Mutations

You have hoof-like feet.
You are completely covered in slimy green scales. (AC +4, rPois)
Your flesh is cold resistant. (rC+)
You sometimes gain a little power by taking damage.


Message History

Okawaru accepts your kill.
Nessos pounds the earth with his hooves.
Nessos wields a glowing longbow.
It bursts into flame!
Nessos shoots an arrow.
The arrow hits you!
* * * LOW HITPOINT WARNING * * *
The arrow burns you.
You are poisoned.
* * * LOW HITPOINT WARNING * * *
You feel sick.
Nessos unwields an uncursed longbow of flaming.
It stops flaming.
Nessos hits you but does no damage.
You see here an ugly thing corpse.
You slice Nessos!! You freeze Nessos! You kick Nessos, but do no damage.
Nessos is heavily wounded.
You feel sick. Nessos misses you.
You completely miss Nessos. You kick Nessos, but do no damage.
Nessos is heavily wounded.
You feel sick.
Nessos blinks!
You feel sick. Nessos hits you!
You die...

#........# ### #........#
## .. #........#####. ..
#..............
.######..............
.........(........##
#...........).....#
#§.c..............#
#†@...............#
#(................##
..##+##.....#######......#
............#.....'......#
#####.......#.....'......#
#.......#.....#......#
#.......#....##......#
#.......#....#.......#
#.......#....#.......#


You could see Nessos.

Vanquished Creatures
  Kirke (Lair:4)
  A very ugly thing (D:13)
  A minotaur (Lab)
  2 fire dragons
  Josephine (Lair:6)
  A yaktaur captain (D:13)
  An ice dragon (Lair:6)
  Fannar (D:12)
  A death knight (D:14)
  4 centaur warriors
  6 hydras
  An ogre mage (D:13)
  2 dancing weapons (D:13)
  10 two-headed ogres
  2 tengu warriors (D:15)
  Sonja (Lair:2)
  A wizard (D:14)
  2 unseen horrors
  2 lindwurms (Lair:6)
  A swamp dragon (shapeshifter) (D:14)
  An orc knight (D:13)
  A deep elf mage (D:14)
  A wolf spider (Lair:6)
  16 ugly things
  A cyclops (shapeshifter) (D:13)
  10 elephants
  3 cyclopes
  Maurice (D:13)
  9 black mambas
  4 gargoyles
  A guardian serpent (Lair:6)
  5 torpor snails (Lair:6)
  16 spiny frogs
  A yaktaur (D:13)
  4 freezing wraiths (D:14)
  13 komodo dragons
  The ghost of Sonofthefire the Covert, a novice OpAs (D:6)
  A queen bee (Lair:1)
  12 hornets
  9 blink frogs
  3 tyrant leeches (Lair:6)
  A harpy zombie (D:14)
  6 slime creatures
  7 hippogriffs
  2 dream sheep (D:14)
  A shadow (D:14)
  3 redbacks (Lair:6)
  9 wyverns (Lair:6)
  6 wraiths
  50 yaks
  A basilisk (D:12)
  2 hogs (Lair:4)
  5 vampire mosquitoes
  6 hungry ghosts
  An acid dragon (D:14)
  22 water moccasins
  9 porcupines
  A black bear (Lair:2)
  15 orc warriors
  6 sky beasts
  A hornet zombie (D:12)
  4 ice beasts
  An eye of draining (shapeshifter) (D:15)
  2 necrophages
  An eye of draining (D:14)
  A phantom (D:11)
  A boggart (D:13)
  9 centaurs
  8 ogres
  13 wolves
  4 crocodiles
  5 big kobolds
  24 bullfrogs
  A gnoll sergeant (D:8)
  A wyvern zombie (D:13)
  2 scorpions
  A water moccasin skeleton (D:8)
  32 killer bees
  7 wights
  An electric eel (D:9)
  A howler monkey (D:8)
  2 centaur zombies
  A quasit (D:10)
  2 bullfrog skeletons
  10 crimson imps
  4 hounds
  5 jellies
  6 orc priests
  4 centaur skeletons
  11 worker ants
  5 hell rats (Lair:3)
  5 iguanas
  6 orc wizards
  2 hound skeletons
  3 gnolls (D:6)
  A howler monkey skeleton (D:5)
  9 adders
  4 river rats (D:5)
  3 shadow imps
  4 oozes
  An adder zombie (D:5)
  3 adder skeletons
  6 worms
  The ghost of shaftrobin the Shield-Bearer, a weakling FoFi (D:14)
  9 dart slugs
  4 leopard geckos
  39 orcs
  2 ball pythons
  5 giant cockroaches
  12 goblins
  6 hobgoblins
  10 jackals
  10 kobolds
  3 quokkas
  8 bats
  A frilled lizard (D:3)
  A jackal skeleton (D:8)
  A jackal zombie (D:8)
  8 rats
  A spectral orc (D:3)
  2 fungi
  5 plants
653 creatures vanquished.

Vanquished Creatures (others)
  A spiny frog (Lair:6)
  A butterfly (Lair:4)
  20 fungi
  46 plants
68 creatures vanquished.

Grand Total: 721 creatures vanquished

Notes
Turn   | Place    | Note
-------+----------+-------------------------------------------
     0 | D:1      | Ichigo the Demonspawn Gladiator began the quest for the Orb.
     0 | D:1      | Reached XP level 1. HP: 16/16 MP: 1/1
   344 | D:1      | Gained mutation: You are partially covered in slimy green scales. (AC +2) [demonic ancestry]
   344 | D:1      | Reached XP level 2. HP: 23/23 MP: 2/2
   712 | D:1      | Reached XP level 3. HP: 29/29 MP: 3/3
  1349 | D:2      | Reached XP level 4. HP: 37/37 MP: 4/4
  1678 | D:2      | You fall through a shaft!
  2049 | D:3      | Reached skill level 1 in Axes
  2050 | D:3      | Noticed koshka's ghost (amateur DsGl)
  2887 | D:4      | Gained mutation: You are mostly covered in slimy green scales. (AC +3) [demonic ancestry]
  2887 | D:4      | Reached XP level 5. HP: 42/43 MP: 5/5
  2932 | D:4      | Reached skill level 2 in Axes
  3142 | D:3      | Reached skill level 3 in Axes
  3364 | D:3      | Found a bloodstained altar of Trog.
  3502 | D:3      | Found a basalt altar of Yredelemnul.
  4179 | D:4      | Found Xeneu's Distillery.
  4183 | D:4      | Bought a potion of agility for 48 gold pieces
  4183 | D:4      | Bought a potion of curing for 36 gold pieces
  4183 | D:4      | Bought a potion of berserk rage for 60 gold pieces
  4196 | D:4      | Found a glowing silver altar of Zin.
  4410 | D:5      | Entered Level 5 of the Dungeon
  4424 | D:5      | Noticed an ice beast
  4433 | D:5      | Killed an ice beast
  4433 | D:5      | Reached skill level 4 in Axes
  4433 | D:5      | Reached XP level 6. HP: 49/49 MP: 6/6
  4450 | D:5      | Found a staircase to the Ecumenical Temple.
  4530 | Temple   | Entered the Ecumenical Temple
  4831 | Temple   | Became a worshipper of Warmaster Okawaru
  5168 | D:5      | Reached skill level 5 in Axes
  5453 | D:5      | Gained mutation: You have large cloven feet. [demonic ancestry]
  5453 | D:5      | Reached XP level 7. HP: 50/55 MP: 7/7
  5605 | D:5      | Got a warped short sword
  6024 | D:6      | Reached skill level 6 in Axes
  6053 | D:6      | Reached * piety under Okawaru
  6083 | D:6      | Reached skill level 7 in Axes
  6462 | D:6      | Reached XP level 8. HP: 61/61 MP: 8/8
  6550 | D:6      | Upgraded the game from 0.20-a0-1025-g4706f7e to 0.20-a0-1026-gc3ddcbd
  6561 | D:6      | Noticed Sonofthefire's ghost (novice OpAs)
  6614 | D:6      | Killed Sonofthefire's ghost
  6614 | D:6      | Reached ** piety under Okawaru
  6614 | D:6      | Reached skill level 8 in Axes
  6892 | D:6      | Found an ornate altar of the Wu Jian Council.
  7074 | D:6      | Reached skill level 9 in Axes
  7456 | D:7      | Found an ancient bone altar of Kikubaaqudgha.
  7526 | D:7      | Noticed a two-headed ogre
  7536 | D:7      | Killed a two-headed ogre
  7536 | D:7      | Reached *** piety under Okawaru
  7536 | D:7      | Reached skill level 10 in Axes
  7536 | D:7      | Gained mutation: Your flesh is cold resistant. (rC+) [demonic ancestry]
  7536 | D:7      | Reached XP level 9. HP: 31/66 MP: 6/9
  7996 | D:7      | Found a radiant altar of Vehumet.
  8065 | D:7      | Found Wesiarea's Antique Weapon Boutique.
  8144 | D:8      | Got a shimmering robe
  8280 | D:8      | Noticed a two-headed ogre
  8288 | D:8      | Killed a two-headed ogre
  8288 | D:8      | Reached skill level 11 in Axes
  8527 | D:8      | Reached **** piety under Okawaru
  8530 | D:8      | Reached skill level 12 in Axes
  8664 | D:8      | Noticed a centaur warrior
  8682 | D:8      | Killed a centaur warrior
  8682 | D:8      | Received a gift from Okawaru
  8682 | D:8      | Reached ***** piety under Okawaru
  8682 | D:8      | Reached XP level 10. HP: 43/73 MP: 10/10
  9017 | D:8      | Paralysed by a hornet for 1 turns
  9022 | D:8      | Paralysed by a hornet for 3 turns
  9026 | D:8      | Reached skill level 1 in Invocations
  9042 | D:8      | Noticed a two-headed ogre
  9367 | D:8      | Killed a two-headed ogre
  9367 | D:8      | Reached skill level 5 in Fighting
  9367 | D:8      | Reached skill level 1 in Armour
  9393 | D:8      | Received a gift from Okawaru
 10032 | D:8      | Noticed a two-headed ogre
 10041 | D:8      | Killed a two-headed ogre
 10041 | D:8      | Reached skill level 5 in Invocations
 10558 | D:8      | Received a gift from Okawaru
 11108 | D:9      | Found a staircase to the Lair.
 11209 | D:9      | Gained mutation: You sometimes gain a little power by taking damage. [demonic ancestry]
 11209 | D:9      | Reached XP level 11. HP: 77/81 MP: 16/16
 11434 | D:9      | Got an ichor-stained ring mail
 11813 | D:10     | Entered Level 10 of the Dungeon
 11816 | D:10     | Noticed a two-headed ogre
 11832 | D:10     | Killed a two-headed ogre
 12321 | D:10     | Reached skill level 13 in Axes
 12750 | D:10     | Killed an unseen horror
 12866 | D:11     | Found Weosint's Food Shoppe.
 12904 | D:11     | Received a gift from Okawaru
 12907 | D:11     | Got an ancient scale mail {god gift}
 12908 | D:11     | Identified the +4 ring mail "Jaosmid" {+Blink} (You found it on level 9 of the Dungeon)
 12919 | D:11     | Identified the +4 scale mail of the Rose {rCorr MP+9 Dex+8} (Okawaru gifted it to you on level 11 of the Dungeon)
 13086 | D:11     | Noticed a green ugly thing
 13094 | D:11     | Killed a green ugly thing
 13204 | D:11     | Reached skill level 5 in Armour
 13978 | D:11     | Got a twisted long sword
 14043 | D:11     | Reached skill level 5 in Dodging
 15022 | Lair:1   | Entered Level 1 of the Lair of Beasts
 15058 | Lair:1   | Reached XP level 12. HP: 47/89 MP: 18/18
 15060 | Lair:1   | Received a gift from Okawaru
 16108 | Lair:1   | Noticed a seven-headed hydra
 16119 | Lair:1   | Killed a seven-headed hydra
 16666 | Lair:2   | Noticed a six-headed hydra
 16683 | Lair:2   | Killed a six-headed hydra
 16727 | Lair:2   | Found a labyrinth entrance.
 16731 | Lab      | Entered a labyrinth
 18336 | Lab      | Noticed a minotaur
 18348 | Lab      | Killed a minotaur
 18353 | Lab      | Identified the Volume of Unstable Venom
 18354 | Lab      | Got an ancient ring mail
 18363 | Lair:2   | Identified the +2 ring mail "Rihirus" {MR+} (You found it in a labyrinth)
 18447 | Lair:2   | Identified a scroll of acquirement
 18448 | Lair:2   | Got a smoking executioner's axe
 18449 | Lair:2   | Identified the +2 executioner's axe of Thoughtfulness {freeze, rElec MR+ Int+2} (You acquired it on level 2 of the Lair of Beasts)
 18808 | Lair:2   | Noticed an eight-headed hydra
 18816 | Lair:2   | Killed an eight-headed hydra
 18900 | Lair:2   | Noticed Sonja
 19015 | Lair:2   | Received a gift from Okawaru
 19280 | Lair:2   | Killed Sonja
 19638 | Lair:3   | Reached skill level 14 in Axes
 19638 | Lair:3   | Gained mutation: You are completely covered in slimy green scales. (AC +4, rPois) [demonic ancestry]
 19638 | Lair:3   | Reached XP level 13. HP: 63/95 MP: 19/19
 20282 | Lair:3   | Found a hole to the Spider Nest.
 20896 | Lair:4   | Found a staircase to the Swamp.
 21061 | Lair:4   | Received a gift from Okawaru
 21072 | Lair:4   | Noticed Kirke
 21092 | Lair:4   | Reached skill level 15 in Axes
 21107 | Lair:4   | Killed Kirke
 21728 | Lair:5   | Reached skill level 1 in Bows
 21913 | Lair:5   | Found a blossoming altar of Fedhas.
 22344 | Lair:6   | Entered Level 6 of the Lair of Beasts
 22603 | Lair:6   | Received a gift from Okawaru
 22610 | Lair:6   | Reached skill level 16 in Axes
 22796 | Lair:6   | Found a staircase to the Slime Pits.
 22831 | Lair:6   | Noticed Josephine
 22844 | Lair:6   | Killed Josephine
 22844 | Lair:6   | Gained mutation: You have hoof-like feet. [demonic ancestry]
 22844 | Lair:6   | Reached XP level 14. HP: 84/101 MP: 20/20
 22849 | Lair:6   | Reached ****** piety under Okawaru
 22925 | Lair:6   | Received a gift from Okawaru
 23421 | Lair:6   | Found a runed door.
 23443 | Lair:6   | Reached skill level 17 in Axes
 24698 | D:12     | Received a gift from Okawaru
 24751 | D:12     | Found a roughly hewn altar of Beogh.
 25164 | D:12     | Found Iprassat's Book Shoppe.
 25213 | D:12     | Found a staircase to the Orcish Mines.
 25261 | D:12     | Noticed Fannar
 25275 | D:12     | Killed Fannar
 25362 | D:12     | Received a gift from Okawaru
 25407 | D:12     | Found a white marble altar of Elyvilon.
 25615 | D:13     | Noticed a purple very ugly thing
 25629 | D:13     | Killed a purple very ugly thing
 25629 | D:13     | Received a gift from Okawaru
 25636 | D:13     | Reached skill level 18 in Axes
 26111 | D:13     | Noticed Maurice
 26118 | D:13     | Found a gate to the Vaults.
 26127 | D:13     | Killed Maurice
 26755 | D:13     | Found a portal to a secret trove of treasure.
 27106 | D:14     | Noticed shaftrobin's ghost (weakling FoFi)
 27114 | D:14     | Killed shaftrobin's ghost
 27406 | D:14     | Reached XP level 15. HP: 36/107 MP: 21/21
 28599 | D:14     | Reached skill level 19 in Axes
 28895 | D:14     | Received a gift from Okawaru
 29253 | D:15     | Entered Level 15 of the Dungeon
 29272 | D:15     | Received a gift from Okawaru
 29278 | D:15     | Got a dazzling battleaxe {god gift}
 29279 | D:15     | Identified the +5 battleaxe of Foul Odors {antimagic, rPois} (Okawaru gifted it to you on level 15 of the Dungeon)
 29619 | D:15     | Found Caut's Jewellery Emporium.
 30253 | D:15     | Received a gift from Okawaru
 30260 | D:15     | Noticed Nessos
 30265 | D:15     | Slain by Nessos

Vault maps used:
D:1:      dpeg_chamrin_arrival_tetris
D:3:      kennysheep_slugbush, yredelemnul_forgotten_temple_becter, trog_book
D:4:      lemuel_round_altar, serial_shops, nicolae_shop_stone, first_bread
D:5:      minmay_temple_entry_hall, lightli_sewer_entry_pipes,
          serial_bayou_ford_a, sigmund_army
D:6:      kennysheep_mini_moat
D:7:      lemuel_round_altar, basic_altar, serial_shops, nicolae_shop_crystal,
          minivault_11
D:8:      kennysheep_blocky_room, kennysheep_generic_room_7
D:9:      dpeg_oklobed_lair
D:11:     serial_shops, nicolae_shop_crystal
D:12:     orc_0_dummy, serial_shops, nicolae_shop_behind_doors,
          elyvilon_altar_4, uniq_fannar
D:13:     minmay_outward_triangles, erik_vaults_1, nicolae_trove_entry_columns,
          uniq_maurice
D:14:     grunt_decor_arrowhead, hangedman_ranch
D:15:     hangedman_depths_entry_civil_slaughter, serial_shops,
          nicolae_shop_trees, uniq_azrael, uniq_nessos, uniq_louise
Temple:   minmay_temple_bridge_d
Lair:1:   special_room, minmay_lair_oklob_chamber, grunt_megastairs_5
Lair:2:   lab_entry_generic, serial_bayou_shore_b, uniq_sonja
Lair:3:   spider_nest_entry_web_field, serial_bayou_shore_b, lemuel_fruit_fields
Lair:4:   swamp_mist, lemuel_fruit_fields, infiniplex_staircase_pool,
          serial_bayou_shore_b, lemuel_fruit_fields, uniq_kirke
Lair:5:   tgw_fedhas, serial_bayou_shore_b
Lair:6:   wormcave, hangedman_lair_tendril_chambers,
          nicolae_slime_entry_slimehenge, uniq_josephine
Lab:      lab_statue

Skill      XL: |  1  2  3  4  5  6  7  8  9 10 11 12 13 14 15 |
---------------+----------------------------------------------+-----
Fighting       | 3 4 6 |  6.8
Axes           | 1 4 5 7 10 12 13 14 16 18 19 | 19.6
Invocations    | 7 8 |  8.8
Armour         | 3 6 8 |  8.6
Dodging        | 5 8 |  8.2
Bows           | 2 3 |  3.7
Staves         | |  2.6
Throwing       | |  1.7

Action                   |  1- 3 |  4- 6 |  7- 9 | 10-12 | 13-15 || total
-------------------------+-------+-------+-------+-------+-------++-------
Melee: Quarterstaff      |    81 |    27 |       |       |       ||   108
       War axe           |       |   177 |   216 |   658 |   749 ||  1800
       Kick              |       |       |    74 |   260 |   463 ||   797
       Punch             |       |       |       |     4 |    16 ||    20
       Dire flail        |       |       |       |    19 |    16 ||    35
       Executioner's axe |       |       |       |       |   157 ||   157
       Unarmed           |       |       |       |       |    15 ||    15
Invok: Heroism           |       |       |     3 |    27 |    33 ||    63
       Finesse           |       |       |       |       |     1 ||     1
Evoke: Wand              |       |       |       |     3 |       ||     3
  Use: Potion            |       |     3 |     1 |     2 |     2 ||     8
       Scroll            |       |       |       |    32 |     6 ||    38
 Stab: Sleeping          |       |       |       |     1 |       ||     1
       Distracted        |       |       |       |       |     1 ||     1
  Eat: Chunk             |     1 |    10 |    10 |    25 |    29 ||    75
       Royal jelly       |       |     2 |       |     6 |     2 ||    10
Armor: Leather armour    |    23 |       |       |       |       ||    23
       Plate armour      |     1 |   172 |   146 |   234 |       ||   553
       Scale mail        |       |       |       |   144 |   204 ||   348
Dodge: Dodged            |    57 |    54 |    65 |   325 |   888 ||  1389
Block: Buckler           |       |       |       |    19 |       ||    19
